Cogmind - Beta 11 *** ADVENTURER MODE // 2022.10.12 @ 19:05:37 Player: Icarus Result: Destroyed by as-63852 with Assembled Heavy Rifle Performance ------------- Evolutions (0) 0 Regions Visited (2) 400 Robots Destroyed (5) 25 Value Destroyed (183) 183 Prototype IDs (2) 40 Alien Tech Used (0) 0 Bonus (0) 0 TOTAL SCORE: 648 Bonus ------- None Cogmind --------- Core Integrity 0/250 Matter 248/300 Energy 114/125 System Corruption 11% Temperature Cool (85) Movement Core (1400) Ox27 Location -10/Mines Parts ------- > --- POWER (1) -------- Light Ion Engine > --- PROPULSION (2) --- Aluminum Leg > --- UTILITY (2) ------ Huge Storage Unit > --- WEAPON (2) ------- (None) > --- INVENTORY (25) --- Ion Engine Aluminum Leg Aluminum Leg Improved Heat Sink Peak State ------------ > --- POWER ------------ Ion Engine > --- PROPULSION ------- Aluminum Leg Aluminum Leg > --- UTILITY ---------- Small Storage Unit Large Battery > --- WEAPON ----------- Medium Laser Assault Rifle > --- INVENTORY -------- Ion Engine Light Ion Engine Light Treads Light Treads Aluminum Leg Flight Unit Improved Heat Sink Light Assault Rifle [Rating: 8] Favorites ----------- Power Ion Engine Engine Ion Engine Propulsion Aluminum Leg Treads Light Treads Leg Aluminum Leg Utility Small Storage Unit Storage Small Storage Unit Weapon Assault Rifle Energy Gun Medium Laser Ballistic Gun Assault Rifle Build | -11 -10 -10 ------- Run | Scr Mat Min Slots Evolved . | . . . Power . | . . . Propulsion . | . . . Utility . | . . . Weapon . | . . . Parts Attached 16 | 6 2 8 Power 3 | 2 . 1 Engine 3 | 2 . 1 Core . | . . . Reactor . | . . . Propulsion 6 | 2 . 4 Treads 2 | . . 2 Leg 3 | 2 . 1 Wheel . | . . . Hover . | . . . Flight 1 | . . 1 Utility 3 | 1 1 1 Device . | . . . Storage 3 | 1 1 1 Processor . | . . . Hackware . | . . . Protection . | . . . Artifact . | . . . Weapon 4 | 1 1 2 Energy Gun 1 | . 1 . Energy Cannon . | . . . Ballistic Gun 3 | 1 . 2 Ballistic Cannon . | . . . Launcher . | . . . Special Weapon . | . . . Impact Weapon . | . . . Slashing Weapon . | . . . Piercing Weapon . | . . . Special Melee Weapon . | . . . Unidentified Prototypes . | . . . Parts Lost 7 | . . 7 Power 1 | . . 1 Propulsion 2 | . . 2 Utility 1 | . . 1 Weapon 3 | . . 3 Highest Loss Streak 7 | . . 7 To Critical Strikes . | . . . Average Slot Usage (%) 93 | . 87 98 Engine 13 | . 14 13 Treads 1 | . . 3 Leg 25 | . 28 24 Storage 23 | . 17 28 Energy Gun 13 | . 13 13 Ballistic Gun 14 | . 14 14 Naked Turns . | . . . Heaviest Build 92 | 12 17 92 Greatest Support 40 | 20 20 40 Greatest Overweight (x) 4 | 2 . 4 Average Overweight (x) . | . . . Largest Inventory Capacity 25 | 8 8 25 Average Capacity 9 | 7 8 11 Most Carried 8 | 5 7 8 Average Carried 6 | 2 5 7 Final Capacity 25 | 8 8 25 Final Carried 7 | 5 7 4 Class Distribution -------------------- 100% | Mutant Dominant Class ---------------- Mutant | -10/Materials Mutant | -10/Mines Resources | -11 -10 -10 ----------- Run | Scr Mat Min Matter Collected 308 | 202 69 37 Remotely . | . . . Salvage Created 246 | . 113 133 Parts 6 | . 5 1 Haulers Intercepted . | . . . Recyclers Shooed . | . . . Parts Field Recycled . | . . . Retrieved Matter . | . . . Parts Self-Destructed . | . . . Prevented . | . . . Kills | -11 -10 -10 ------- Run | Scr Mat Min Combat Hostiles Destroyed 7 | . 3 4 Guns 7 | . 3 4 Classes Destroyed 2 | . 1 1 Grunt 5 | . 3 2 Assembled 2 | . . 2 Best Kill Streak 2 | . 2 2 Combat Bots Only 2 | . 2 2 Max Kills in Single Turn 1 | . 1 1 Gunslinging . | . . . Exploded . | . . . Melee . | . . . Uniques/NPCs Destroyed . | . . . Combat | -11 -10 -10 -------- Run | Scr Mat Min Damage Taken 1011 | . 75 936 Core 255 | . 8 247 Absorbed by Shields . | . . . Core Remaining (%) 100 | 100 . . Volleys Fired 28 | 2 14 12 Largest 2 | 1 2 2 Hottest 70 | 20 70 70 Shots Fired 53 | 2 28 23 Gun 53 | 2 28 23 Cannon . | . . . Launcher . | . . . Special . | . . . Kinetic 28 | 2 14 12 Thermal 25 | . 14 11 Explosive . | . . . Electromagnetic . | . . . Robot Hit Streak 22 | 2 7 22 Robot Miss Streak 3 | . 2 3 Penetration Max . | . . . Secondary Targets 2 | . . 2 Max Gunslinging Chain 1 | . . 1 Shots Hit Robots 43 | 2 19 22 Core Hits 18 | 1 7 10 Critical Kills . | . . . Critical Parts Destroyed . | . . . Critical Strikes 2 | . 1 1 Burn 2 | . 1 1 Melee Attacks . | . . . Impact . | . . . Slashing . | . . . Piercing . | . . . Sneak Attacks . | . . . Combat Hostiles . | . . . Follow-up Attacks . | . . . Damage Inflicted 519 | 27 237 255 Guns 519 | 27 237 255 Cannons . | . . . Explosions . | . . . Melee . | . . . Ramming . | . . . Kinetic 295 | 27 136 132 Thermal 224 | . 101 123 Explosive . | . . . Electromagnetic . | . . . Impact . | . . . Slashing . | . . . Piercing . | . . . Highest Corruption 11 | . . 11 Average Corruption 6 | . . 6 Corruption Purged . | . . . Corruption Blocked . | . . . Overload Shots . | . . . Overflow Damage . | . . . Projectiles . | . . . Explosions . | . . . Melee . | . . . Knockbacks . | . . . Impact . | . . . Kinetic . | . . . Secondary . | . . . Self-Inflicted Damage . | . . . Shots . | . . . Rammed . | . . . Targets Rammed . | . . . Kicked . | . . . Crushed . | . . . Highest Temperature 159 | . 51 159 Average Temperature 50 | . 20 81 Received Heat Transfer 310 | . 54 256 Siege Activations . | . . . Robots Corrupted . | . . . Combat Hostiles . | . . . Parts Fried . | . . . Impact Corruptions . | . . . Robots Melted . | . . . Combat Hostiles . | . . . Parts Melted 2 | . 1 1 Heat Transferred 814 | . 370 444 Parts Sabotaged . | . . . Parts Stolen . | . . . Parts Stripped . | . . . Power Chain Reactions . | . . . Missiles Intercepted . | . . . Alert | -11 -10 -10 ------- Run | Scr Mat Min Peak Influence 159 | . 159 102 Initial 52 | . . 52 Average 86 | . 93 98 Maximum Alert Level . | . . . Low Security (%) 100 | 100 100 100 Level 1 . | . . . Level 2 . | . . . Level 3 . | . . . Level 4 . | . . . Level 5 . | . . . High Security . | . . . Max Security . | . . . Squads Dispatched 2 | . 2 . Investigation 2 | . 2 . Extermination . | . . . Reinforcement . | . . . Assault . | . . . Garrison . | . . . Intercept . | . . . Searches Triggered . | . . . Construction Impeded . | . . . Haulers Reinforced . | . . . Active Scanning Responses . | . . . Cargo Convoy Interrupts . | . . . Stealth | -11 -10 -10 --------- Run | Scr Mat Min Distress Signals 1 | . 1 . Communications Jammed . | . . . Distress Signals . | . . . Times Spotted 29 | . 9 20 Peak Tracking Total 18 | . 4 18 Tactical Retreats . | . . . Traps | -11 -10 -10 ------- Run | Scr Mat Min Traps Triggered 1 | . 1 . Indirectly . | . . . Trap Hack Attempts . | . . . Triggered . | . . . Disarmed 1 | . 1 . Reprogrammed . | . . . Reused . | . . . Traps Extracted . | . . . Installed . | . . . Triggered . | . . . Machines | -11 -10 -10 ---------- Run | Scr Mat Min Machines Disabled . | . . . Max in Single Turn . | . . . Machines Sabotaged . | . . . Garrisons Compromised . | . . . Overloaded Fab Kills . | . . . Hacking | -11 -10 -10 --------- Run | Scr Mat Min Machines Accessed 4 | . 4 . Terminals 2 | . 2 . Fabricators . | . . . Repair Stations . | . . . Recycling Units 2 | . 2 . Scanalyzers . | . . . Garrison Access . | . . . Total Hacks 14 | . 14 . Successful 10 | . 10 . Failed 4 | . 4 . Catastrophic . | . . . Database Lockouts . | . . . Manual . | . . . Terminals 6 | . 6 . Fabricators . | . . . Repair Stations . | . . . Recycling Units 8 | . 8 . Scanalyzers . | . . . Garrison Access . | . . . Terminal Hacks 4 | . 4 . Record 1 | . 1 . Prototype ID Bank 1 | . 1 . Disarm Traps 1 | . 1 . Recall Investigation 1 | . 1 . Fabricator Hacks . | . . . Repair Station Hacks . | . . . Recycling Unit Hacks 6 | . 6 . Recycle Component 1 | . 1 . Process 1 | . 1 . Report Inventory 2 | . 2 . Retrieve Matter 1 | . 1 . Retrieve Components 1 | . 1 . Scanalyzer . | . . . Garrison Access Hacks . | . . . Unauthorized Hacks . | . . . Terminals . | . . . Fabricators . | . . . Repair Stations . | . . . Recycling Units . | . . . Scanalyzers . | . . . Garrison Access . | . . . Data Cores Recovered . | . . . Used . | . . . Hacking Detections 4 | . 4 . Full Trace Events 2 | . 2 . Feedback Events . | . . . Feedback Blocked . | . . . Robot Schematics Acquired . | . . . Robots Built . | . . . Authchips . | . . . Time . | . . . Total Robot Build Rating . | . . . Part Schematics Acquired . | . . . Parts Built . | . . . Authchips . | . . . Time . | . . . Total Part Build Rating . | . . . Parts Repaired . | . . . Time . | . . . Parts Recycled 1 | . 1 . Recycled Matter 41 | . 41 . Retrieved Matter 41 | . 41 . Retrieved Components 2 | . 2 . Parts Scanalyzed . | . . . Part Schematics Acquired . | . . . Parts Damaged . | . . . Bothacking | -11 -10 -10 ------------ Run | Scr Mat Min Used RIF Installer . | . . . Robots Hacked . | . . . Non-combat . | . . . Combat . | . . . Robot Hacks Applied . | . . . Relay Couplers Released . | . . . Fabnet Peak Effective % . | . . . Robots Rewired . | . . . Allies Hacked . | . . . Hacks Repelled . | . . . Allies | -11 -10 -10 -------- Run | Scr Mat Min Total Allies . | . . . Largest Group . | . . . Highest-Rated Group . | . . . Highest-Rated Ally . | . . . Total Orders . | . . . Ally Attacks . | . . . Total Damage . | . . . Kills . | . . . Allies Corrupted . | . . . Allies Melted . | . . . Intel | -11 -10 -10 ------- Run | Scr Mat Min Robot Analysis Total . | . . . Derelict Logs Recovered 1 | . . 1 Drone Launches . | . . . Drone Recoveries . | . . . Exploration | -11 -10 -10 ------------- Run | Scr Mat Min Turns Passed 755 | 76 305 374 Spaces Moved 509 | 52 214 243 Core 17 | 17 . . Treads 10 | . . 10 Legs 482 | 35 214 233 Wheels . | . . . Hover . | . . . Flight . | . . . Fastest Speed 50 | 50 120 120 Average Speed 126 | 108 120 135 Slowest Speed 400 | 150 120 400 Overloaded Moves . | . . . Propulsion Burnouts . | . . . Robots Hopped . | . . . Cave-ins Triggered . | . . . Exploration Rate (%) 29 | 4 29 54 Regions Visited 2 Branch Regions 1 Pre-discovered Areas . | . . . Known Exits Taken . | . . . Unknown Exits Taken 2 | 1 1 . Scrap Searched 1 | . . 1 Spaces Dug . | . . . Terrain Destroyed . | . . . Melee . | . . . Projectile . | . . . AOE . | . . . Terrain Rammed . | . . . Walls Destroyed . | . . . Machines Disabled . | . . . Actions | -11 -10 -10 --------- Run | Scr Mat Min Total 568 | 69 234 265 Wait . | . . . Move 507 | 51 213 243 Hop . | . . . Pick Up 16 | 10 5 1 Fast Attach . | . . . Attach 11 | 5 2 4 Detach . | . . . Swap 5 | 1 . 4 Drop 1 | . . 1 Fire 28 | 2 14 12 Melee . | . . . Ram . | . . . Kick . | . . . Crush . | . . . Escape Stasis . | . . . Rewire . | . . . Trap . | . . . Miscellaneous . | . . . Route ------- -11/Scrapyard -10/Materials -10/Mines History --------- Turn | Location | Event 7 | -11/Scrapyard | Discovered new exit (range 15) 77 | -11/Scrapyard | Entered Materials 293 | -10/Materials | Discovered new exit (range 15) 305 | -10/Materials | Build established: Mutant 382 | -10/Materials | Entered Mines 673 | -10/Mines | Learned 4 Materials zone layouts 730 | -10/Mines | Assembled infested the area 752 | -10/Mines | Core integrity fell below 50% 755 | -10/Mines | Core integrity fell below 20% 755 | -10/Mines | System corruption reached 10% 756 | -10/Mines | Destroyed by as-63852 with Assembled Heavy Rifle Last Messages --------------- Ion Engine destroyed. as-73148 destroyed. Lgt. Treads severed. as-11362 suffers critical hit (Burn). as-11362 destroyed. Switching to secondary target: as-87090. Med. Laser destroyed. System corrupted by crushing effect (+3). Lrg. Battery destroyed. System corrupted by crushing effect (+1). Lgt. Assault Rifle destroyed. System corrupted by crushing effect (+3). Lgt. Treads destroyed. System corrupted by crushing effect (+4). Assault Rifle destroyed. Flight Unit destroyed. as-17743 destroyed. as-19213 destroyed. as-83479 destroyed. as-90651 destroyed. Map ----- +----------------------------------------------------+ | ?????????????????????????????????????????????????? | | ?????????????????????????????????????????????????? | | ?????????????????????????????????????????????????? | | ?????????????????????????????????????????????????? | | ?????????????????????????????????????????????????? | | ??????????????????????????????????????????######?? | | ?????????????????????????????????????????## ##? | | ?????????????????????????????????????????# ## | | ?????????????????????????????????????????# | | ????????????????????????????????????????## | | ???????????????????????????????????????## | | ?????????????????????????????########### | | ?????????????????????????????# ## | | ?????????????????????????????# ##?## | | ?????????????????????????????# %###### ##???? | | ?????????????????????????????# #????# ##??### | | ???????????????????## ####### #???## ##??# | | ??????????????# ???# #???# ##?# | | ?????????????## ??# ## #### ##### ### | | ????????????## ## ##a #??# ## | | ???????????? #??# ###### # | | ???????????? a #??# #????#### | | ??????????????? %% #??# ##??????## | | ??????????????????#a%aa % #### #???????# | | ?????????????????## aaaa## #??????## | | ?????????????????# a@ #????### | | ??????????????# ### ##???## | | ?????????????# a ????#######???## | | ?????????????# !?????????????#### ## | | ?????????????# ???????????##### #### | | ?????????????# ????????????## ###??# | | ?????????????#??????????????# ##????## | | ????????????????????????????# ### ##??????## | | ????????????????????????????####?####??####### | | ???????????????????????????????????????# | | ???????????????????????????????????????# # | | ???????????????????????????????????????# ## # | | ???????????????????????????????????????# ## # | | ???????????????????????????????????????# ### # | | ???????????????????????????????????????# #?## | | ???????????????????????????????????????# #??# | | ????????????????????????????????????#### #??# # | | ???????????????????????????????????## # #??# ## | | ??????????????????????????????????## #### #? | | ?????????????????????????????????## ## | | ?????????????????????????????????# # | | ?????????????????????????????????# ## # | | ?????????????????????????????????#####?## ## | | ???????????????????????????????????????## ## | | ??????????????????????????????????????## | +----------------------------------------------------+ Best States ------------- Heat Dissipation 25 Energy Generation 10 Energy Capacity 450 Matter Stores 300 Matter Capacity 300 Sight Range 16 Terrain Scan Density 10 Resistance: KI 20 Resistance: TH 20 Resistance: EX 20 Resistance: EM 20 Resistance: I 20 Resistance: S 20 Resistance: P 20 Evasion (%) 55 Recoil Reduction 2 Offensive Hacking 10 Item Schematics ----------------- None Robot Schematics ------------------ None Fabricated ------------ Nothing Alien Tech Used ----------------- None Achievements -------------- None Challenges ------------ None Game ------ Seed DirtyAlertAirjet Manual? 0 Play Time 00:11:00 Cumulative 12.5 hours Start 2022.10.12 @ 18:55:18 End 2022.10.12 @ 19:05:37 Sessions 1 Manual Loads 0 Difficulty Adventurer Special Mode None Game No. 17 Rogue 0 Adventurer 17 Explorer 0 Win Type - Total 0 Types 0/0/0/0/0/0/0/0/0 Lore% 8 Gallery% 15 Achievement% 15 Wizard Run 0 Options --------- ASCII 0 Keyboard 0 Movement Mouse Keybinds 0 Fullscreen 0 Font 16/SmallcapsGlow Map View 76x50 Tactical HUD 0 Map Filters NONE Filters NONE Steam 1 RUN: 6ae4c7cd-249d-4992-b55f-4281778146ab